 Dungeon Crawl Stone Soup version 0.28-a0-661-g144af121cd (webtiles) character file.

Game seed: 2081404403847421840

1950 Antediluvian the Skirmisher (level 9, -18/74 HPs)
             Began as a Formicid Monk on Oct 14, 2021.
             Was an Elder of Jiyva.
             Demolished by a two-headed ogre (21 damage)
             ... on level 7 of the Dungeon.
             The game lasted 00:18:06 (7200 turns).

Antediluvian the Skirmisher (Formicid Monk)         Turns: 7200, Time: 00:18:07

Health: -18/74     AC: 12    Str: 20    XL:     9   Next: 41%
Magic:  9/9        EV: 27    Int:  8    God:    Jiyva [****..]
Gold:   199        SH:  0    Dex: 16    Spells: 8/8 levels left

rFire   . . .      SeeInvis +   a - +0 falchion
rCold   . . .      Faith    .   (no shield)
rNeg    . . .      Spirit   .   e - +3 ring mail
rPois   .          Reflect  .   (helmet unavailable)
rElec   .          Harm     .   h - +0 cloak
rCorr   +          Rampage  .   (no gloves)
Will    .....                   (no boots)
Stlth   ++........              c - amulet of the acrobat
HPRegen 0.22/turn               (no ring)
MPRegen 0.11/turn               (no ring)

@: acrobatic
A: permanent stasis, dig shafts and tunnels, antennae 3, four strong arms,
talons 1, iridescent scales 1, strong 1
a: Dig, Shaft Self, Renounce Religion, Request Jelly, Slimify


You were on level 7 of the Dungeon.
You worshipped Jiyva.
Jiyva was greatly pleased with you.
You visited 1 branch of the dungeon, and saw 7 of its levels.

You collected 199 gold pieces.

Inventory:

Hand Weapons
 a - a +0 falchion (weapon)
 p - a +1 scimitar of flaming
Armour
 e - a +3 ring mail (worn)
 h - a +0 cloak (worn)
Jewellery
 c - an amulet of the acrobat (around neck)
Wands
 m - a wand of iceblast (8)
 n - a wand of polymorph (5)
Scrolls
 b - a scroll of teleportation {unknown}
 d - 3 scrolls of identify {unknown}
 g - a scroll of vulnerability {unknown}
 k - a scroll of enchant weapon {unknown}
 l - a scroll of magic mapping {unknown}
 o - a scroll of torment {unknown}
Potions
 f - a potion of haste {unknown}
 i - a potion of flight {unknown}
 j - 2 potions of curing {unknown}


   Skills:
 - Level 7.8 Fighting
 + Level 7.1 Long Blades
 - Level 7.0 Armour
 - Level 2.6 Dodging
 - Level 2.4 Stealth
 + Level 3.3 Shields


You had 8 spell levels left.
You didn't know any spells.
Your spell library contained the following spells:

 Spells                   Type           Power      Damage    Failure   Level
 Ensorcelled Hibernation  Hex/Ice        0%         N/A       71%         2
 Tukima's Dance           Hex            0%         N/A       90%         3


Dungeon Overview and Level Annotations

Branches:
Dungeon (7/15)             Temple (0/1) D:6

Altars:
Kikubaaqudgha
Makhleb
Trog
Uskayaw
Yredelemnul
Jiyva

Shops:
D:3 =   D:6 [

Annotations:
D:3 1 runed translucent door, NoKap's ghost, amateur DECj


Innate Abilities, Weirdness & Mutations

You cannot be hasted, slowed, berserked, paralysed or teleported.
You can dig through walls and to a lower floor.
You have a pair of large antennae on your head. (SInv)
Your four strong arms can wield two-handed weapons with a shield.
You have sharp toenails.
You are partially covered in iridescent scales. (AC +2)
Your muscles are strong. (Str +2)


Message History

The two-headed ogre is lightly wounded.
The two-headed ogre hits you with a +0 giant club.
The two-headed ogre barely misses you.
You slash the two-headed ogre!
The two-headed ogre is moderately wounded.
The two-headed ogre hits you with a +0 giant club!
The two-headed ogre closely misses you.
You hit the two-headed ogre. You claw the two-headed ogre.
The two-headed ogre is heavily wounded.
You hit the two-headed ogre.
The two-headed ogre is heavily wounded.
The two-headed ogre closely misses you.
The two-headed ogre hits you with a +0 giant club!!
You hit the two-headed ogre.
The two-headed ogre is heavily wounded.
The two-headed ogre hits you with a +0 giant club!
* * * LOW HITPOINT WARNING * * *
The two-headed ogre closely misses you.
The two-headed ogre is no longer covered in acid.
You swap places.
The two-headed ogre misses you. The two-headed ogre barely misses you.
The two-headed ogre hits the jelly with a +0 giant club!!
The two-headed ogre is burned by acid!
The two-headed ogre hits the jelly with a +0 giant club!
The two-headed ogre is burned by acid!
The jelly hits the two-headed ogre.
The two-headed ogre is splashed with acid!
The acid corrodes the two-headed ogre!
The jelly barely misses the two-headed ogre.
You hit the two-headed ogre. You claw the two-headed ogre.
The two-headed ogre is severely wounded.
The two-headed ogre hits you with a +0 giant club!!
* * * LOW HITPOINT WARNING * * *
The two-headed ogre barely misses you.
The jelly hits the two-headed ogre.
The two-headed ogre is splashed with acid.
The jelly hits the two-headed ogre.
The two-headed ogre is splashed with acid.
The two-headed ogre seems to be corroded for longer.
The two-headed ogre hits you with a +0 giant club!!
You die...

#.......#####.##....
#.........#.........
#............##.##..
#.J........#..#.#..#
#..........##.....##
#.............._....
#..........##.....##
#..........#..#.#..#
#..@OJ.......##.##..
##..................
##...........######
##.....######
#....## #.##### #.
#. .#


You could see a two-headed ogre (corroded) and 2 neutral jellies (fellow slime).

Vanquished Creatures
  A rust devil (D:6)
  Grinder (D:4)
  Sigmund (D:5)
  2 orc warriors
  2 black bears
  A necrophage (D:4)
  5 ogres
  2 centaurs (D:6)
  A phantom (D:6)
  2 kobold brigands (D:7)
  2 scorpions
  Crazy Yiuf (D:4)
  A centaur skeleton (D:5)
  2 iguanas
  A hound zombie (D:5)
  A hound skeleton (D:4)
  5 adders
  3 ufetubi
  A worm (D:3)
  5 dart slugs
  3 orcs
  9 ball pythons
  3 bats
  An endoplasm (D:1)
  A giant cockroach (D:2)
  A goblin (D:3)
  8 hobgoblins
  2 quokkas (D:2)
  5 frilled lizards
  16 kobolds
  9 rats
  A butterfly (D:6)
99 creatures vanquished.

Vanquished Creatures (others)
  A rust devil (D:5)
  An orc warrior (D:6)
  An ogre (D:4)
  A centaur (D:5)
  18 jellies
  A centaur zombie (D:6)
  A hound (D:4)
  An iguana (D:4)
  A hound skeleton (D:4)
  4 adders
  An adder skeleton (D:4)
  A worm (D:4)
  2 dart slugs (D:4)
  7 orcs
  3 endoplasms
  A goblin (D:4)
  2 hobgoblins
  2 quokkas
  A bat (D:2)
  A quokka skeleton (D:4)
  A rat (D:3)
  2 butterflies (D:6)
  2 fungi (D:4)
  26 plants
82 creatures vanquished.

Grand Total: 181 creatures vanquished

Notes
Turn   | Place    | Note
-------+----------+-------------------------------------------
     0 | D:1      | Antediluvian the Formicid Monk began the quest for the Orb.
     0 | D:1      | Reached XP level 1. HP: 18/18 MP: 1/1
   162 | D:1      | Reached skill level 1 in Armour
   162 | D:1      | Reached XP level 2. HP: 22/24 MP: 2/2
   726 | D:1      | Reached XP level 3. HP: 24/30 MP: 3/3
  1283 | D:2      | Reached XP level 4. HP: 27/37 MP: 4/4
  1387 | D:2      | Found a faded altar of an unknown god.
  1411 | D:2      | Prayed at the altar of an unknown god.
  1411 | D:2      | Became a worshipper of Jiyva Jutaekh the Shapeless
  1411 | D:2      | Reached * piety under Jiyva
  1411 | D:2      | Reached ** piety under Jiyva
  1797 | D:3      | Found a basalt altar of Yredelemnul.
  1985 | D:3      | Reached *** piety under Jiyva
  2033 | D:3      | Gained mutation: You are partially covered in iridescent
                  | scales. (AC +2) [Jiyva's grace]
  2309 | D:3      | Found a runed translucent door.
  2311 | D:3      | Noticed NoKap's ghost (amateur DECj)
  2385 | D:3      | Found a bloodstained altar of Trog.
  2465 | D:3      | Found Mitetamn's Jewellery Shop.
  2632 | D:4      | Found a hide-covered altar of Uskayaw.
  2633 | D:4      | Noticed Grinder
  2634 | D:4      | Noticed an ogre
  2683 | D:4      | Noticed a black bear
  2746 | D:3      | Killed a black bear
  2747 | D:3      | Reached XP level 5. HP: 5/43 MP: 5/5
  3065 | D:4      | Found a burning altar of Makhleb.
  3066 | D:4      | Noticed a necrophage
  3078 | D:4      | Killed a necrophage
  3079 | D:4      | Reached skill level 5 in Fighting
  3079 | D:4      | Reached XP level 6. HP: 49/51 MP: 6/6
  3144 | D:4      | Noticed an ogre
  3154 | D:4      | Killed an ogre
  3360 | D:4      | Reached **** piety under Jiyva
  3360 | D:4      | Gained mutation: You have sharp toenails. [Jiyva's grace]
  3437 | D:4      | Killed an ogre
  3438 | D:4      | Reached XP level 7. HP: 48/56 MP: 7/7
  3477 | D:4      | Reached skill level 5 in Long Blades
  3707 | D:4      | Killed Grinder
  4196 | D:4      | Found a runed translucent door.
  4197 | D:4      | Noticed Crazy Yiuf
  4213 | D:4      | Killed Crazy Yiuf
  4401 | D:5      | Entered Level 5 of the Dungeon
  4413 | D:4      | Reached skill level 5 in Armour
  4413 | D:4      | Reached XP level 8. HP: 61/64 MP: 8/8
  4544 | D:5      | Noticed Sigmund
  4560 | D:5      | Killed Sigmund
  5257 | D:6      | Found Jacim's Antique Armour Shop.
  5410 | D:6      | Gained mutation: Your muscles are strong. (Str +2) [Jiyva's
                  | grace]
  5474 | D:6      | Identified the +2 leather armour of Ekuicen {rF- rN+ Int+4}
  5479 | D:6      | Reached skill level 1 in Shields
  5498 | D:6      | Reached XP level 9. HP: 66/72 MP: 9/9
  5594 | D:5      | Noticed a rust devil
  5594 | D:5      | Noticed a rust devil
  5606 | D:6      | Found a staircase to the Ecumenical Temple.
  6007 | D:5      | Killed a rust devil
  6579 | D:6      | Killed a rust devil
  7027 | D:7      | Found an ancient bone altar of Kikubaaqudgha.
  7153 | D:7      | Noticed a two-headed ogre
  7196 | D:7      | HP: 2/74 [two-headed ogre (24)]
  7200 | D:7      | Demolished by a two-headed ogre

Illustrated notes

Levels and vault maps discovered:
D:1:      tarquinn_simple_flora_water_c, layout_loops_ring
D:2:      layout_rooms, ebering_ecumenical_altar_abandoned
D:3:      layout_loops_ring, mainiacjoe_overflow_paths, trog_butcher_becter,
          serial_shops, nicolae_lakefront_shop, ebering_ghost_reflecting_pool
D:4:      layout_loops_ring, makhleb_blood_cavern_becter,
          mainiacjoe_overflow_brackets, hangedman_decor_opposing,
          guppyfry_early_lair_pool, uniq_grinder, uniq_crazy_yiuf_cottage
D:5:      cheibrodos_iron_armory, layout_basic, uniq_sigmund
D:6:      layout_rooms, minmay_temple_entry_mist, serial_shops,
          nicolae_shop_temple_entry_statues_fountains, hangedman_glass_garden
D:7:      layout_cave_pods, mainiacjoe_overflow_alcove_2,
          mainiacjoe_overflow_small_starburst, nicolae_ru_sacrificial_ziggurat,
          grunt_livestock

Skill      XL: |  1  2  3  4  5  6  7  8  9 |
---------------+----------------------------+-----
Armour         | 1 2 3 4 5 6 7 |  7.0
Fighting       | 4 5 6 7 |  7.8
Long Blades    | 4 5 6 7 |  7.1
Shields        | 1 3 |  3.3
Dodging        | |  2.6
Stealth        | |  2.4

Action                   |  1- 3 |  4- 6 |  7- 9 || total
-------------------------+-------+-------+-------++-------
Melee: Falchion          |    93 |   137 |   211 ||   441
       Kick              |       |     2 |    76 ||    78
Invok: Slimify           |       |       |     1 ||     1
 Abil: Dig               |       |       |     2 ||     2
Armor: Robe              |     8 |       |       ||     8
       Ring mail         |    11 |    47 |    86 ||   144
Dodge: Dodged            |    65 |   114 |   156 ||   335

Table legend: (Time is in decaauts)
 A = Elapsed time spent in this place.
 B = Non-inter-level travel time spent in this place.
 C = Inter-level travel time spent in this place.
 D = Time resting spent in this place.
 E = Time spent auto-exploring this place.
 F = Levels seen in this place.
 G = Mean time per level.
                   A        B        C        D        E       F      G
               +--------+--------+--------+--------+--------+-----+--------+
         Total |   7234 |   6955 |    279 |      0 |   5430 |   7 | 1033.4 |
       Dungeon |   7234 |   6955 |    279 |      0 |   5430 |   7 | 1033.4 |
               +--------+--------+--------+--------+--------+-----+--------+

Top non-repeatable levels by time:
     D:4: 1656 daAuts
     D:3: 1360 daAuts
     D:6: 1032 daAuts
     D:1: 1030 daAuts
     D:5: 876 daAuts
     D:2: 741 daAuts
     D:7: 537 daAuts
